Map: Rhoskallian LE

Players

MattBarry - Winner!

  • Race: Terran Terran
  • Spawn Location: 12:00

MattBarry - Winner!

  • Race: Zerg Zerg
  • Spawn Location: 11:00

NobodyReally

  • Race: Zerg Zerg
  • Spawn Location: 6:00

Iangamer

  • Race: Zerg Zerg
  • Spawn Location: 5:00

VOD

Have the link to the VOD?

Description

Time

  • Played on: Jan. 4, 2023, 3:09 a.m.
  • Length: 14:01
Show
View Real Time Build Order
Export as new Build Order

MattBarry Terran - Winner!

Build Orders: 2 Factory, Reaper Expand, Mech 

Get SALT Encoding   

  12  0:00  SCV  
  13  0:12  SCV  
  14  0:20  Supply Depot  
  14  0:24  SCV  
  15  0:38  Refinery  
  15  0:41  SCV  
  16  0:45  Barracks  
  16  0:53  SCV  
  17  1:05  SCV  
  18  1:18  SCV  
  19  1:32  Reaper  
  20  1:33  Orbital Command  
  20  1:35  Supply Depot  
  20  1:54  Command Center  
  20  2:00  SCV  
  21  2:04  Reaper  
  22  2:13  SCV  
  23  2:25  SCV  
  23  2:27  Factory  
  23  2:29  Refinery  
  24  2:36  Barracks Reactor  
  24  2:44  SCV  
  25  2:56  SCV  
  26  3:14  SCV  
  27  3:22  Orbital Command  
  27  3:25  Factory  
  27  3:30  Engineering Bay  
  27  3:35  Hellion x2  
  27  3:39  SCV  
  27  3:40  Barracks Tech Lab  
  27  3:41  Orbital Command  
  31  3:44  Supply Depot  
  31  3:52  SCV  
  32  3:56  Hellion x2  
  36  4:05  Missile Turret  
  36  4:06  SCV  
  37  4:11  Starport  
  37  4:17  Widow Mine  
  37  4:18  Widow Mine  
  37  4:19  SCV x2  
  43  4:28  Supply Depot  
  43  4:30  Siege Tank  
  46  4:31  Infernal Pre-Igniter, SCV x2  
  48  4:43  SCV x2  
  50  4:47  Refinery  
  50  4:55  SCV x2  
  50  5:07  SCV  
  50  5:08  SCV  
  48  5:19  Hellion x2, Siege Tank  
  48  5:20  SCV x2  
  57  5:24  Factory  
  57  5:25  Starport Reactor  
  57  5:28  Supply Depot  
  57  5:31  Supply Depot  
  57  5:32  SCV x2  
  57  5:33  Supply Depot  
  59  5:41  Refinery  
  59  5:44  Supply Depot, SCV x2  
  65  5:50  Hellion x2  
  65  5:51  Siege Tank  
  68  6:04  Supply Depot  
  68  6:06  Liberator  
  68  6:08  Liberator  
  74  6:19  SCV x2  
  76  6:25  Factory Reactor  
  76  6:28  Factory Tech Lab  
  76  6:31  SCV x2  
  74  6:58  SCV  
  74  6:59  SCV  
  74  7:00  Siege Tank x2, Hellion x2  
  86  7:21  Hellion x2  
  90  7:23  Liberator x2  
  90  7:28  Supply Depot  
  90  7:29  Supply Depot  
  96  7:32  Hellion  
  96  7:33  Hellion  
  96  7:35  Factory  
  100  7:37  Command Center  
  100  7:38  SCV x2  
  100  7:39  Armory x2  
  87  8:12  Siege Tank x2  
  94  8:13  Hellion x2  
  94  8:37  SCV x2  
  94  8:39  Hellion x2  
  100  8:43  Factory, Factory Tech Lab  
  100  8:44  Siege Tank x2  
  106  8:51  Orbital Command  
  106  8:53  SCV  
  106  8:54  SCV  
  104  9:05  SCV  
  104  9:09  Command Center  
  105  9:12  Hellion x2  
  105  9:13  Hellion  
  105  9:16  Hellion  
  105  9:17  Hellion  
  113  9:33  Hellion  
  113  9:36  Refinery  
  115  9:39  Thor x3, Refinery  
  115  9:42  Hellion  
  115  9:45  Factory Reactor  
  133  9:50  Supply Depot  
  133  9:51  Supply Depot  
  133  9:53  Supply Depot  
  133  9:54  Supply Depot, Terran Vehicle Weapons Level 1  
  133  9:55  Terran Vehicle And Ship Armor Level 1  
  133  10:12  SCV x2, Hellion x2  
  133  10:13  SCV  
  140  10:24  SCV  
  140  10:25  SCV  
  134  11:21  Thor x3  
  134  11:23  Hellion x4  
  160  11:50  Hellion  
  160  11:51  Hellion x3  
  168  12:27  Thor x2  
  180  12:32  Supply Depot  
  180  12:35  Supply Depot x2  
  180  12:36  Supply Depot  
  180  12:40  Orbital Command  
  180  12:54  Thor, SCV x2  
  180  12:57  SCV  
  189  12:59  Hellion x13  
  189  13:06  SCV x2  
  189  13:09  SCV  
  192  13:45  Refinery  
  192  13:47  Refinery  
  192  13:50  Factory  
  192  13:52  Factory x3  
  192  13:55  Factory  
Show
View Real Time Build Order
Export as new Build Order

MattBarry Zerg - Winner!

Build Orders: Hatch First 

Get SALT Encoding   

  12  0:00  Drone  
  13  0:14  Drone  
  14  0:22  Extractor, Overlord  
  14  0:25  Drone  
  15  0:40  Drone  
  15  0:41  Drone  
  17  1:00  Drone  
  18  1:04  Hatchery  
  18  1:08  Extractor  
  16  1:18  Spawning Pool  
  15  1:21  Drone  
  16  1:46  Drone x3  
  20  2:10  Overlord  
  20  2:12  Queen  
  22  2:17  Hatchery  
  21  2:30  Drone  
  21  2:31  Drone x2  
  24  2:37  Metabolic Boost  
  24  2:47  Evolution Chamber  
  25  3:08  Lair  
  23  3:13  Drone, Overlord  
  24  3:29  Roach Warren  
  23  3:35  Drone x2  
  23  3:36  Drone x2  
  27  3:45  Zerg Missile Weapons Level 1  
  27  3:53  Drone x2  
  27  3:55  Queen  
  31  4:07  Hatchery  
  30  4:14  Extractor  
  29  4:19  Zergling x6  
  29  4:20  Zergling x8  
  29  4:21  Glial Reconstitution  
  36  4:27  Queen  
  38  4:31  Zergling x4  
  40  4:55  Roach  
  40  4:56  Roach  
  40  4:58  Overlord x3  
  44  5:11  Evolution Chamber  
  43  5:17  Roach  
  43  5:18  Roach x3  
  50  5:34  Queen  
  52  5:38  Zerg Ground Armor Level 1  
  47  5:52  Zergling x2  
  47  5:53  Zergling x16  
  55  6:00  Drone x2  
  55  6:01  Drone  
  58  6:22  Zerg Missile Weapons Level 2  
  58  6:25  Drone x4  
  59  6:26  Drone  
  48  6:48  Roach  
  48  6:49  Roach x5  
  59  7:09  Drone x2  
  59  7:10  Drone x2, Overlord x2  
  59  7:11  Roach  
  59  7:12  Roach  
  67  7:30  Extractor  
  67  7:31  Extractor  
  65  7:41  Hatchery  
  65  7:42  Ravager  
  65  7:43  Ravager x3  
  68  7:45  Overlord x3  
  68  7:48  Zergling x2  
  69  7:51  Drone  
  69  7:52  Drone  
  69  7:54  Drone  
  72  8:12  Zergling x16, Drone  
  74  8:30  Zergling x8  
  74  8:31  Zergling x10  
  70  9:07  Zergling x2  
  70  9:08  Zergling x26  
  78  9:31  Roach  
  78  9:32  Roach x6  
  85  9:50  Zergling x2  
  85  9:51  Zergling x14  
  88  10:04  Queen  
  88  10:11  Drone  
  88  10:12  Drone x2  
  71  10:47  Zergling x20  
  71  10:48  Zergling x6  
  65  11:08  Drone  
  65  11:09  Drone x7  
  65  11:10  Overlord  
  71  11:19  Infestation Pit, Zerg Melee Weapons Level 1  
  71  11:25  Queen  
  72  11:38  Drone  
  73  11:41  Drone x3  
  73  11:42  Drone x3, Overlord  
  79  11:55  Roach  
  79  11:58  Roach x6  
  79  12:00  Roach  
  94  12:29  Roach x5  
  114  12:30  Roach x5  
  114  12:31  Zergling x2  
  115  13:02  Zergling x22  
  115  13:03  Zergling x16  
Show
View Real Time Build Order
Export as new Build Order

NobodyReally Zerg 

Build Orders: 3 Hatch before Pool 

Get SALT Encoding   

  12  0:00  Drone  
  13  0:10  Drone  
  14  0:15  Extractor  
  14  0:18  Drone  
  14  0:19  Extractor  
  13  0:24  Drone  
  16  0:45  Hatchery  
  15  0:55  Evolution Chamber  
  14  0:59  Extractor  
  14  1:02  Extractor, Drone  
  14  1:03  Drone  
  16  1:29  Hatchery  
  16  1:31  Extractor  
  14  1:35  Overlord  
  14  1:56  Spawning Pool, Drone x2  
  15  2:03  Drone, Extractor  
  15  2:06  Drone  
  16  2:12  Drone  
  17  2:20  Drone  
  18  2:24  Drone  
  19  2:35  Zerg Melee Weapons Level 1  
  19  2:37  Drone  
  19  2:39  Drone  
  21  2:46  Zergling x4  
  21  2:51  Zergling x2  
  24  2:55  Zergling x2  
  24  3:30  Drone x2  
  24  3:32  Drone x2  
  24  3:33  Drone x5  
  33  3:56  Hatchery  
  33  4:01  Drone x2  
  34  4:05  Overlord  
  34  4:30  Burrow  
  34  4:31  Lair  
  34  4:32  Metabolic Boost  
  34  4:34  Zerg Ground Armor Level 1  
  34  4:36  Zergling x10  
  39  4:42  Pneumatized Carapace  
  39  4:46  Zergling x4  
  41  5:06  Zergling x2  
  41  5:11  Overlord x4  
  41  5:12  Overlord  
  41  5:20  Queen  
  43  5:22  Zergling x4  
  45  5:33  Zergling x10  
  50  5:39  Infestation Pit  
  50  5:41  Drone  
  50  5:43  Drone  
  51  5:57  Drone  
  51  5:58  Drone x4  
  51  5:59  Drone x3  
  59  6:19  Extractor  
  59  6:20  Drone  
  59  6:21  Drone, Extractor  
  59  6:22  Drone x3  
  59  6:23  Drone x2  
  59  6:24  Zergling x2  
  59  6:25  Zergling x4  
  56  6:58  Zergling x20  
  56  6:59  Zergling x4  
  61  7:15  Hatchery  
  60  7:22  Hatchery  
  59  7:26  Zergling x2  
  59  7:27  Zergling x16  
  68  7:33  Queen  
  68  7:36  Hive  
  70  7:38  Drone  
  70  7:41  Drone x2  
  70  7:43  Zergling x12  
  79  7:52  Zergling x2  
  79  7:53  Zergling x4  
  62  8:12  Zergling x12  
  65  8:26  Zergling x2  
  65  8:27  Zergling x10  
  60  8:38  Zergling x2  
  60  8:39  Zergling x10  
  50  8:52  Zergling x10  
  52  8:58  Ultralisk Cavern  
  52  8:59  Zerg Melee Weapons Level 2  
  48  9:08  Spine Crawler  
  42  9:11  Spine Crawler  
  42  9:16  Spine Crawler x2  
  33  9:20  Spine Crawler  
  33  9:21  Zergling x14  
  33  9:22  Zergling x6  
  19  9:54  Zergling x14  
  26  10:27  Ultralisk  
  31  10:44  Zergling x8  
  29  11:05  Zergling x2  
  29  11:06  Zergling x4  
  32  11:18  Chitinous Plating  
  16  12:25  Hatchery  
Show
View Real Time Build Order
Export as new Build Order

Iangamer Zerg 

Build Orders: Pool First 

Get SALT Encoding   

  12  0:02  Drone  
  13  0:09  Drone  
  14  0:18  Overlord  
  14  0:27  Overlord  
  14  0:37  Drone x2  
  16  0:53  Spawning Pool  
  16  0:55  Drone  
  16  1:06  Drone  
  17  1:12  Extractor  
  17  1:14  Drone  
  17  1:24  Drone  
  19  1:32  Drone  
  19  1:43  Queen  
  21  2:01  Hatchery  
  20  2:02  Zergling x4  
  20  2:06  Drone  
  23  2:18  Drone  
  24  2:26  Queen  
  26  2:37  Drone x2  
  28  2:46  Zergling x2  
  29  3:14  Metabolic Boost  
  29  3:24  Zergling x6  
  29  3:26  Drone x2  
  34  3:51  Lair  
  34  3:54  Queen  
  36  3:58  Overlord x3  
  36  4:02  Overlord x4  
  36  4:03  Overlord  
  36  4:20  Zergling x4  
  36  4:23  Zergling x2  
  36  4:24  Zergling x8  
  36  5:12  Zergling x2  
  36  5:13  Zergling x4  
  37  5:15  Zergling x8  
  37  5:16  Zergling x2  
  38  5:25  Roach Warren, Zergling x2  
  38  5:37  Zergling x6  
  38  5:42  Drone x2  
  43  6:04  Burrow  
  43  6:06  Drone x2  
  43  6:07  Drone  
  46  6:11  Glial Reconstitution  
  46  6:17  Roach x6  
  58  6:27  Evolution Chamber  
  49  7:06  Roach x5  
  49  7:07  Roach  
  61  7:30  Tunneling Claws  
  61  7:35  Extractor  
  61  7:36  Drone x2  
  57  8:03  Roach x6  
  51  8:11  Drone x4  
  53  8:17  Spire  
  47  8:28  Zergling x6  
  47  8:32  Zergling x12  
  47  8:33  Zergling x16  
  47  8:34  Zergling x4  
  53  9:00  Zergling x10  
  48  9:05  Zergling x4  
  48  9:06  Zergling x2  
  45  9:16  Zergling x2  
  39  9:36  Zergling x6  
  39  9:37  Zergling x2  
  41  9:48  Zergling x10  
  41  9:49  Zergling x2  
  29  10:06  Spine Crawler  
  22  10:24  Zergling x2  
  22  10:25  Zergling x10  
  28  10:41  Zergling x6  
  28  10:42  Zergling x4  
  32  10:56  Zergling x2  
  19  11:13  Zergling x8  
  23  11:31  Zergling x4  
  25  11:39  Zergling x6  
    12:10  Drone x3  
    12:11  Drone x3  
Tags
 
Add a new tag
Caveats
  • Supply blocks, unpowered buildings, or Contaminate may cause inaccurate times.
  • Supply counts are checked every 10 seconds.